 Dungeon Crawl Stone Soup version 0.23-a0-445-g768d57b (webtiles) character file.

5831 GizzardofKazz the Carver (level 10, -5/88 HPs)
             Began as a Demonspawn Gladiator on Nov 16, 2018.
             Was the Champion of Makhleb.
             Slain by an orc warrior
             ... wielding a +0 war axe
              (18 damage)
             ... in a bailey on Nov 18, 2018.
             The game lasted 00:24:42 (6539 turns).

GizzardofKazz the Carver (Demonspawn Gladiator)     Turns: 6539, Time: 00:24:43

Health: -5/88      AC: 21    Str: 20    XL:     10   Next: 51%
Magic:  0/13       EV: 14    Int: 10    God:    Makhleb [******]
Gold:   371        SH:  0    Dex: 22    Spells: 9/9 levels left

rFire    . . .     SeeInvis .   a - +0 long sword
rCold    . . .     Gourm    .   (no shield)
rNeg     . . .     Faith    .   p - +0 chain mail
rPois    +         Spirit   +   c - +0 helmet
rElec    .         Reflect  .   q - scarf {cloud immunity}
rCorr    .         Harm     .   J - +0 pair of gloves
MR       .....                  (no boots)
Stlth    ..........             y - amulet of regeneration
HPRegen  0.64/turn              g - +2 ring of protection
MPRegen  0.13/turn              E - +6 ring of protection

@: mighty, agile, very slightly contaminated, hasted, very quick
A: claws 1, icy blue scales 2, poison resistance, robust 1, spiny 2, magic
shield
a: Minor Destruction, Lesser Servant of Makhleb, Major Destruction, Greater
Servant of Makhleb, Renounce Religion


You were in a bailey.
You worshipped Makhleb.
Makhleb was exalted by your worship.
You were hungry.

You visited 1 branch of the dungeon, and saw 8 of its levels.
You also visited: Sewer and Bailey.

You collected 371 gold pieces.

Inventory:

Hand Weapons
 a - a +0 long sword (weapon)
 K - a +0 great sword
Missiles
 d - 5 throwing nets (quivered)
Armour
 c - a +0 helmet (worn)
 p - a +0 chain mail (worn)
 q - a scarf of cloud immunity (worn)
 J - a +0 pair of gloves (worn)
Magical Staves
 r - an uncursed staff of cold
Jewellery
 g - a +2 ring of protection (left hand)
 o - an uncursed amulet of the acrobat {unknown}
 y - an amulet of regeneration (around neck)
 E - a +6 ring of protection (right hand)
Wands
 C - a wand of digging (5)
 H - a wand of paralysis (9)
Scrolls
 b - 2 scrolls of amnesia {unknown}
 i - 2 scrolls of random uselessness {unknown}
 j - 3 scrolls of blinking
 n - a scroll of magic mapping
 s - a scroll of immolation {unknown}
 u - 2 scrolls of enchant armour {unknown}
 w - a scroll of enchant weapon {unknown}
 x - 2 scrolls of fear {unknown}
 z - 3 scrolls of remove curse {unknown}
 A - 5 scrolls of teleportation {unknown}
 D - 2 scrolls of fog {unknown}
 G - 4 scrolls of identify
Potions
 e - 2 potions of heal wounds
 h - 9 potions of curing
 l - a potion of haste
 m - a potion of lignification {unknown}
 t - 2 potions of agility
 B - 3 potions of flight
 F - a potion of brilliance {unknown}
Comestibles
 f - 14 rations
 I - 24 chunks of flesh


   Skills:
 + Level 8.2 Fighting
 + Level 12.2 Long Blades
 - Level 1.7 Throwing
 - Level 2.6 Dodging
 - Level 4.0 Invocations


You had 9 spell levels left.
You didn't know any spells.
Your spell library was empty.

Dungeon Overview and Level Annotations

Branches:
Dungeon (8/15)             Temple (0/1) D:6
   Lair: D:8-11

Altars:
Ashenzari
Elyvilon
Makhleb
Nemelex Xobeh
Okawaru
Uskayaw
Wu Jian
Yredelemnul


Innate Abilities, Weirdness & Mutations

You have sharp fingernails.
You are mostly covered in icy blue scales. (AC +3)
You are mostly covered in sharp spines.
When hurt, damage is shared between your health and your magic reserves.
Your system is resistant to poisons. (rPois)
You are robust. (+10% HP)


Message History

You hit the orc warlord but do no damage.
The orc warlord is lightly wounded.
You hit the orc warlord but do no damage.
The orc warlord is lightly wounded.
The orc warlord hits you with a +2 great sword of holy wrath!!
You convulse!!
* * * LOW HITPOINT WARNING * * *
You feel much better.
You feel much better.
Your chain mail prevents you from hitting the orc warrior.
You slash the orc warrior!
The orc warrior is moderately wounded.
The orc warlord is struck by your spines.
The orc warlord hits you with a +2 great sword of holy wrath!!!
* * * LOW HITPOINT WARNING * * *
You convulse!
* * * LOW HITPOINT WARNING * * *
The orc warrior is struck by your spines.
The orc warrior hits you with a +0 war axe!!
You die...

♣♣##'''##♣♣ ##.....##
#.......# ##.......##
#.........# ##.........##
#######....)))....#######
#.....##).......o##.....##
......)).......)@og......#
......)##.......##.o.....##
........#.......#o........#
........##.....##..o......##
...⌠.....#######.....⌠.....#
........## ##.........##
........# #.........#
.......## ##..o....##
.......# #.......#


You could see an orc warlord, an orc warrior, an orc and a goblin.

Vanquished Creatures
  A queen bee (D:8)
  Eustachio (D:6)
  A water moccasin (D:8)
  12 orc warriors
  A black bear (D:8)
  3 ogres
  A phantom (D:6)
  3 centaurs
  A big kobold (Sewer)
  3 bullfrogs
  5 gnoll sergeants (D:6)
  A wyvern skeleton (D:8)
  13 killer bees (D:8)
  A scorpion (D:7)
  4 wights (D:7)
  6 crimson imps
  A bullfrog zombie (D:5)
  13 hounds
  5 orc priests
  6 gnoll shamans (D:6)
  2 jellies
  4 orc wizards
  2 bullfrog skeletons
  Jessica (D:3)
  6 worker ants
  A hound skeleton (D:4)
  39 gnolls
  11 adders
  5 river rats (Sewer)
  2 shadow imps
  5 oozes
  2 adder skeletons
  2 worms
  2 dart slugs
  4 leopard geckos
  48 orcs
  4 giant cockroaches
  26 goblins
  16 hobgoblins
  21 jackals
  25 kobolds
  3 quokkas
  11 ball pythons
  8 bats
  8 frilled lizards
  23 rats
363 creatures vanquished.

Vanquished Creatures (collateral kills)
  An orc (Bailey)
  A hobgoblin (Bailey)
2 creatures vanquished.

Grand Total: 365 creatures vanquished

Notes
Turn   | Place    | Note
-------+----------+-------------------------------------------
     0 | D:1      | GizzardofKazz the Demonspawn Gladiator began the quest for
                  | the Orb.
     0 | D:1      | Reached XP level 1. HP: 16/16 MP: 1/1
    99 | D:1      | Reached skill level 3 in Long Blades
   354 | D:1      | Gained mutation: When hurt, damage is shared between your
                  | health and your magic reserves. [demonic ancestry]
   354 | D:1      | Reached XP level 2. HP: 22/22 MP: 2/2
   890 | D:1      | Gained mutation: You are partially covered in icy blue
                  | scales. (AC +2) [demonic ancestry]
   890 | D:1      | Reached XP level 3. HP: 27/27 MP: 3/3
  1174 | D:2      | Reached skill level 4 in Long Blades
  1498 | D:2      | Gained mutation: You are partially covered in sharp spines.
                  | [demonic ancestry]
  1498 | D:2      | Reached XP level 4. HP: 10/33 MP: 2/4
  1923 | D:2      | Found a burning altar of Makhleb.
  1930 | D:2      | Reached skill level 5 in Long Blades
  1940 | D:2      | Became a worshipper of Makhleb the Destroyer
  2253 | D:3      | Gained mutation: You are mostly covered in sharp spines.
                  | [demonic ancestry]
  2253 | D:3      | Reached XP level 5. HP: 38/38 MP: 5/5
  2274 | D:3      | Upgraded the game from 0.23-a0-435-g79ed067 to
                  | 0.23-a0-445-g768d57b
  2399 | D:3      | Noticed Jessica
  2400 | D:3      | Reached * piety under Makhleb
  2408 | D:3      | Killed Jessica
  2408 | D:3      | Reached skill level 6 in Long Blades
  2452 | D:3      | Found a basalt altar of Yredelemnul.
  2530 | D:3      | Reached XP level 6. HP: 44/44 MP: 6/6
  2983 | D:4      | Reached ** piety under Makhleb
  3021 | D:4      | Reached skill level 7 in Long Blades
  3084 | D:4      | Gained mutation: You are mostly covered in icy blue scales.
                  | (AC +3) [demonic ancestry]
  3084 | D:4      | Reached XP level 7. HP: 18/50 MP: 2/7
  3224 | D:5      | Entered Level 5 of the Dungeon
  3316 | D:5      | Reached skill level 8 in Long Blades
  3487 | D:5      | Noticed a +0 hand axe
  3487 | D:5      | Noticed a +0 hand axe
  3489 | D:5      | Found a hide-covered altar of Uskayaw.
  3604 | D:5      | Found a shattered altar of Ashenzari.
  3759 | D:6      | Reached *** piety under Makhleb
  3782 | D:6      | Reached skill level 9 in Long Blades
  3782 | D:6      | Reached XP level 8. HP: 44/56 MP: 4/8
  3862 | D:6      | Found a glowing drain.
  3874 | Sewer    | Entered a sewer
  4013 | Sewer    | Reached **** piety under Makhleb
  4101 | Sewer    | Reached skill level 10 in Long Blades
  4451 | D:6      | Reached ***** piety under Makhleb
  4545 | D:6      | Reached XP level 9. HP: 65/65 MP: 9/9
  4761 | D:6      | Noticed Eustachio
  4775 | D:6      | Found a staircase to the Ecumenical Temple.
  4786 | D:6      | Killed Eustachio
  4835 | D:6      | Reached skill level 11 in Long Blades
  4855 | D:6      | Reached skill level 5 in Fighting
  5490 | D:7      | Reached skill level 1 in Invocations
  5609 | D:7      | Found an ornate altar of the Wu Jian Council.
  5631 | D:7      | Found an iron altar of Okawaru.
  5702 | D:7      | Found an iron altar of Okawaru.
  5707 | D:7      | Found a white marble altar of Elyvilon.
  5708 | D:7      | Found a burning altar of Makhleb.
  5708 | D:7      | Found a sparkling altar of Nemelex Xobeh.
  5990 | D:8      | Gained mutation: You have sharp fingernails. [demonic
                  | ancestry]
  5990 | D:8      | Reached XP level 10. HP: 77/77 MP: 10/12
  6046 | D:8      | Found a flagged portal.
  6122 | Bailey   | Entered a bailey
  6153 | Bailey   | Reached skill level 12 in Long Blades
  6238 | Bailey   | Reached ****** piety under Makhleb
  6439 | Bailey   | Noticed an orc warlord
  6440 | Bailey   | Noticed an orc knight
  6455 | Bailey   | HP: 2/80 [orc warlord/+2 great sword of holy wrath (29)]
  6518 | Bailey   | Gained mutation: Your system is resistant to poisons.
                  | (rPois) [potion of mutation]
  6518 | Bailey   | Gained mutation: You are robust. (+10% HP) [potion of
                  | mutation]
  6539 | Bailey   | Slain by an orc warrior

Vault maps used:
D:1:      elethiomel_arrival_shortcut
D:2:      kennysheep_big_flooded_room, serial_bayou_lagoon_a,
          makhleb_heckhound_becter
D:3:      lemuel_crystal_altar, first_ration, moated_statue,
          minmay_shallow_snake_nest, uniq_jessica
D:4:      hangedman_abyss_or_decor_lesser_grid, minmay_misc_feat_diagonals
D:5:      dancing_weapons_uskayaw, kennysheep_mini_moat
D:6:      minmay_temple_entry_purple_smoke, serial_gnoll_camp,
          gnoll_camp_mini_hut, gnoll_camp_mini_basic, gnoll_camp_mini_house,
          gnoll_camp_medium_01, gnoll_camp_huts_basic, gnoll_camp_medium_02,
          cheibrodos_sewer_entry_bend, uniq_eustachio
D:7:      lemuel_crystal_altar, grunt_temple_overflow_open, basic_altar
D:8:      enter_bailey_6, david_nohive_1
Sewer:    sewer_minmay_treatment
Bailey:   bailey_axe_minmay_hex_keep, bailey

Skill      XL: |  1  2  3  4  5  6  7  8  9 10 |
---------------+-------------------------------+-----
Long Blades    | 3 4 5 6 7 9 10 11 12 | 12.2
Fighting       | 3 6 8 |  8.2
Invocations    | 3 4 |  4.0
Throwing       | |  1.7
Dodging        | |  2.6

Action                   |  1- 3 |  4- 6 |  7- 9 | 10-12 || total
-------------------------+-------+-------+-------+-------++-------
Melee: Long sword        |   102 |   144 |   512 |   194 ||   952
Throw: Throwing net      |       |       |     1 |       ||     1
Invok: Lesser Servant of |       |       |       |     2 ||     2
  Use: Scroll            |       |       |     8 |     1 ||     9
       Potion            |       |       |       |    14 ||    14
  Eat: Chunk             |     2 |     5 |    11 |     1 ||    19
Armor: Leather armour    |    15 |       |       |       ||    15
       Chain mail        |    42 |    82 |   371 |   105 ||   600
Dodge: Dodged            |    64 |    47 |   231 |    65 ||   407
       Rpst.: Long sword |    20 |    18 |    57 |    19 ||   114

Table legend:
 A = Non-vault XP
 B = Vault XP
 C = Vault XP percentage of total XP
 D = Non-vault monster count
 E = Vault monster count
 F = Vault count percentage of total count
                 A         B        C        D         E       F
            +---------+---------+-------+---------+---------+-------
      Total |    3866 |    4465 |  53.6 |     185 |     180 |  49.3
            +---------+---------+-------+---------+---------+-------
        D:1 |      42 |       0 |   0.0 |      19 |       0 |   0.0
        D:2 |      96 |      45 |  31.9 |      22 |       3 |  12.0
        D:3 |     192 |      59 |  23.5 |      22 |       8 |  26.7
        D:4 |     319 |       0 |   0.0 |      20 |       0 |   0.0
        D:5 |     564 |       0 |   0.0 |      28 |       0 |   0.0
        D:6 |    1505 |    1496 |  49.9 |      44 |      49 |  52.7
        D:7 |     738 |       0 |   0.0 |      23 |       0 |   0.0
        D:8 |     410 |    1105 |  72.9 |       7 |      14 |  66.7
      Sewer |       0 |     229 | 100.0 |       0 |      48 | 100.0
     Bailey |       0 |    1531 | 100.0 |       0 |      58 | 100.0
            +---------+---------+-------+---------+---------+-------
